 Dungeon Crawl Stone Soup version 0.27.1-33-g824d729ab1 (webtiles) character file.

Game seed: 10561748134041199980

32163 Kinoniko the Executioner (level 13, -4/186 HPs)
             Began as a Minotaur Berserker on Dec 14, 2021.
             Was a High Priest of Trog.
             Slain by a ten-headed hydra (7 damage)
             ... on level 3 of the Lair of Beasts.
             The game lasted 00:15:34 (11135 turns).

Kinoniko the Executioner (Minotaur Berserker)      Turns: 11135, Time: 00:15:34

Health: -4/186     AC: 17    Str: 25    XL:     13   Next: 29%
Magic:  4/4        EV: 12    Int:  4    God:    Trog [*****.]
Gold:   1303       SH:  0    Dex: 12    Spells: 12/12 levels left

rFire    . . .     SeeInvis .   q - +6 executioner's axe (antimagic)
rCold    . . .     Faith    .   (shield currently unavailable)
rNeg     . . .     Spirit   .   k - +0 acid dragon scales
rPois    +         Reflect  .   (helmet restricted)
rElec    .         Harm     .   (no cloak)
rCorr    +         Rampage  ∞   i - +2 pair of gloves
Will     .....                  w - +3 pair of seven-league boots {Rampage+∞}
Stlth    ..........             e - amulet of regeneration
HPRegen  1.41/turn              F - +4 ring of protection
MPRegen  0.09/turn              B - ring of poison resistance

@: berserking, very quick
A: horns 2, retaliatory headbutt
a: Renounce Religion, Berserk, Trog's Hand, Brothers in Arms


You were on level 3 of the Lair of Beasts.
You worshipped Trog.
Trog was extremely pleased with you.
You visited 2 branches of the dungeon, and saw 16 of its levels.

You collected 1843 gold pieces.
You spent 540 gold pieces at shops.

Inventory:

Hand Weapons
 a - a +0 hand axe
 d - a +1 spectral war axe
 q - a +6 antimagic executioner's axe (weapon)
 x - a +1 war axe of freezing
Missiles
 c - 3 throwing nets (quivered)
Armour
 i - a +2 pair of gloves (worn)
 k - +0 acid dragon scales (worn)
 w - the +3 pair of seven-league boots (worn) {Rampage+∞}
   (You acquired it on level 10 of the Dungeon)

   Its wearer moves as far as possible in that direction when moving towards
   enemies.
Jewellery
 b - a ring of see invisible
 e - an amulet of regeneration (around neck)
 n - a +6 ring of intelligence
 o - an amulet of magic regeneration
 v - a +6 ring of intelligence
 z - a +6 ring of dexterity
 B - a ring of poison resistance (right hand)
 F - a +4 ring of protection (left hand)
 M - a ring of protection from cold
 P - a ring of fire
 Q - an amulet of the acrobat
Wands
 m - a wand of flame (24)
 t - a wand of paralysis (23)
 D - a wand of polymorph (10)
 H - a wand of charming (10)
 I - a wand of mindburst (9)
Scrolls
 f - 7 scrolls of amnesia
 p - 2 scrolls of silence
 r - 2 scrolls of identify
 y - 7 scrolls of teleportation
 E - a scroll of magic mapping
 J - a scroll of torment
 L - 2 scrolls of fog
Potions
 g - 2 potions of invisibility
 h - 2 potions of mutation
 j - 6 potions of curing
 l - 2 potions of berserk rage
 s - 2 potions of flight
 u - a potion of ambrosia
 A - 2 potions of lignification
 C - 2 potions of heal wounds
 G - 2 potions of attraction
 K - a potion of resistance
 O - 2 potions of might


   Skills:
 + Level 14.1 Fighting
 * Level 21.1 Axes
 - Level 2.4 Armour
 - Level 2.1 Dodging


You had 12 spell levels left.
You didn't know any spells.
Your spell library was empty.

Dungeon Overview and Level Annotations

Branches:
Dungeon (13/15)            Temple (0/1) D:4            Lair (3/6) D:11
  Snake (0/4) Lair:2          Orc (0/2) D:9          Vaults (0/5) D:13
  Swamp: Lair:2-4    Shoals: Lair:2-4

Altars:
Ashenzari
Dithmenos
Elyvilon
Fedhas
Gozag
Qazlal
Trog
Xom
Zin
The Shining One

Shops:
D:1 (   D:8 :   D:10 =

Portals:
Ice
Cave: D:12

Annotations:
D:7 2 transporters, Grum; LemonRage's ghost, novice DEIE
D:10 3 runed translucent doors, waddelsworth's ghost, journeyman GrCj
Lair:1 2 transporters
Lair:3 3 runed translucent doors


Innate Abilities, Weirdness & Mutations

You have a pair of horns on your head.
You reflexively headbutt those who attack you in melee.


Message History

* * * LOW HITPOINT WARNING * * *
The tyrant leech draws strength from your injuries!
The swamp worm bites you!
* * * LOW HITPOINT WARNING * * *
Unknown command.
You are too injured to fight recklessly!
Unknown command.
Unknown command.
Unknown command.
You are too berserk!
You chop one of the eight-headed hydra's heads off!
The seven-headed hydra grows two more!
You slash the nine-headed hydra! You headbutt the nine-headed hydra!
The nine-headed hydra is heavily wounded.
You slice the swamp worm!! The nine-headed hydra bites you!
* * * LOW HITPOINT WARNING * * *
The nine-headed hydra completely misses you.
The nine-headed hydra bites you.
* * * LOW HITPOINT WARNING * * *
The nine-headed hydra bites you.
* * * LOW HITPOINT WARNING * * *
The nine-headed hydra bites you but does no damage.
The nine-headed hydra bites you!
* * * LOW HITPOINT WARNING * * *
The nine-headed hydra closely misses you.
The nine-headed hydra bites you!
* * * LOW HITPOINT WARNING * * *
The nine-headed hydra bites you but does no damage.
Unknown command.
Unknown command.
Unknown command.
You chop one of the nine-headed hydra's heads off!
The eight-headed hydra grows two more!
You slice the ten-headed hydra!!
The ten-headed hydra is severely wounded.
You barely miss the swamp worm. You slice the tyrant leech!!
You kill the tyrant leech!
Trog accepts your kill.
The swamp worm bites you but does no damage.
The ten-headed hydra bites you!
You die...

##P....##.## ♣♣♣♣♣
#P.......... . ♣♣≈≈≈♣
##P.......P# .. ♣≈≈≈≈♣
##......### .§ ♣≈≈≈≈♣
#......... ♣§♣≈≈≈≈♣###
##.........
♣..≈≈≈≈♣..###...#≈.....
♣...≈ww♣........#≈≈≈≈≈.
♣..†D@........##≈≈≈≈≈≈
♣♣.♣≈....#.#....≈≈≈P≈P
♣ ♣♣.♣.#####.#≈P≈≈≈≈≈
♣♣♣## ####≈≈≈≈≈≈ P≈≈≈≈≈
≈≈≈≈≈ ≈≈≈≈ ≈≈≈≈ ≈≈≈


You could see a ten-headed hydra and 2 swamp worms.

Vanquished Creatures
  Josephine (D:10)
  A yaktaur captain (D:13)
  3 hydras
  Harold (D:11)
  2 boulder beetles
  Erica (D:10)
  A two-headed ogre (D:13)
  Sonja (D:12)
  A deep elf pyromancer (D:13)
  A wolf spider (D:12)
  3 ugly things
  A cyclops (D:11)
  A manticore (D:12)
  7 elephants
  2 gargoyles
  Maggie (D:10)
  3 black mambas (Lair:1)
  3 cane toads
  5 komodo dragons
  2 yaktaurs (D:13)
  A rime drake (Lair:3)
  An unseen horror (D:10)
  4 trolls
  A tyrant leech (Lair:3)
  A hornet (D:11)
  5 blink frogs (Lair:3)
  A water elemental (D:11)
  3 shadows
  17 yaks
  A vampire (D:12)
  3 basilisks
  6 wraiths
  2 steam dragons
  4 wargs (D:9)
  2 death yak simulacra (D:12)
  A swamp worm (Lair:3)
  3 acid dragons
  9 water moccasins
  An ice beast (D:5)
  A sky beast (D:8)
  3 orc warriors
  7 wolves
  2 necrophages
  An ogre (D:5)
  15 centaurs
  3 kobold brigands
  6 bullfrogs
  2 two-headed ogre simulacra (D:12)
  A wyvern zombie (D:5)
  3 scorpions
  A cane toad simulacrum (D:12)
  5 killer bees (D:11)
  An elephant simulacrum (D:12)
  8 wights
  12 electric eels
  3 centaur zombies
  4 bullfrog skeletons
  4 hounds
  4 orc priests
  2 gnoll shamans (D:8)
  3 centaur skeletons
  4 iguanas
  A scorpion zombie (D:5)
  Terence (D:2)
  5 orc wizards
  A spriggan simulacrum (D:12)
  A spectral howler monkey (D:9)
  A howler monkey zombie (D:9)
  12 gnolls
  A howler monkey skeleton (D:9)
  5 adders
  A naga simulacrum (D:12)
  A shadow imp (D:8)
  A white imp (D:7)
  An adder skeleton (D:4)
  2 worms (D:3)
  A dart slug (D:2)
  23 orcs
  4 endoplasms
  4 giant cockroaches
  8 goblins
  5 hobgoblins
  4 jackals (D:4)
  5 quokkas
  6 ball pythons
  3 bats
  17 kobolds
  6 rats
322 creatures vanquished.

Vanquished Creatures (others)
  An orc wizard (D:11)
  12 fungi
  20 plants
33 creatures vanquished.

Grand Total: 355 creatures vanquished

Notes
Turn   | Place    | Note
-------+----------+-------------------------------------------
     0 | D:1      | Kinoniko the Minotaur Berserker began the quest for the
                  | Orb.
     0 | D:1      | Reached XP level 1. HP: 19/19 MP: 0/0
    36 | D:1      | Found a faded altar of an unknown god.
   202 | D:1      | Reached skill level 4 in Axes
   229 | D:1      | Reached XP level 2. HP: 26/26 MP: 1/1
   328 | D:1      | Found Pyttyane's Weapon Emporium.
   654 | D:2      | Reached skill level 5 in Axes
   676 | D:2      | Noticed Terence
   687 | D:2      | Killed Terence
   688 | D:2      | Reached XP level 3. HP: 16/31 MP: 2/2
  1201 | D:3      | Reached ** piety under Trog
  1202 | D:3      | Reached XP level 4. HP: 39/39 MP: 3/3
  1236 | D:3      | Reached skill level 6 in Axes
  1576 | D:4      | Found a staircase to the Ecumenical Temple.
  1624 | D:4      | Found a blossoming altar of Fedhas.
  1628 | D:4      | Reached skill level 7 in Axes
  1628 | D:4      | Reached XP level 5. HP: 45/45 MP: 4/4
  1661 | D:4      | Found a stormy altar of Qazlal.
  1932 | D:4      | Noticed a centaur
  1936 | D:4      | Killed a centaur
  1937 | D:4      | Reached skill level 8 in Axes
  1937 | D:4      | Reached XP level 6. HP: 50/51 MP: 5/5
  2557 | D:5      | Entered Level 5 of the Dungeon
  2715 | D:5      | Found a glowing golden altar of the Shining One.
  2715 | D:5      | Found a white marble altar of Elyvilon.
  2715 | D:5      | Found a glowing silver altar of Zin.
  2770 | D:5      | Reached skill level 9 in Axes
  2797 | D:5      | Noticed an ice beast
  2807 | D:5      | Killed an ice beast
  2808 | D:5      | Reached XP level 7. HP: 44/57 MP: 6/6
  2923 | D:5      | Identified the +0 leather armour of Disaster {rC- Str+8
                  | Int-3 SInv}
  2973 | D:5      | Reached skill level 10 in Axes
  3401 | D:6      | Reached skill level 11 in Axes
  3554 | D:6      | Reached XP level 8. HP: 64/64 MP: 7/7
  3671 | D:6      | Reached *** piety under Trog
  3672 | D:6      | Reached skill level 12 in Axes
  4427 | D:7      | Found a transporter.
  4430 | D:7      | Identified the +5 trident of the Final Decision {venom,
                  | Drain rPois Dex+4 SInv}
  4430 | D:7      | Identified the +5 ring mail "Plog" {rN+ Stlth+}
  4430 | D:7      | Noticed Grum
  4456 | D:7      | Reached skill level 13 in Axes
  4658 | D:7      | Reached skill level 5 in Fighting
  4704 | D:7      | Found a transporter.
  4827 | D:7      | Noticed LemonRage's ghost (novice DEIE)
  5048 | D:7      | Identified the ring of Xom's Full Attention {rElec rF+ rN+
                  | Str+6}
  5161 | D:8      | Found Kuibe's Book Boutique.
  5164 | D:8      | Reached XP level 9. HP: 74/74 MP: 8/8
  5408 | D:8      | Reached **** piety under Trog
  5436 | D:8      | Reached skill level 14 in Axes
  5654 | D:8      | Identified a scroll of acquirement
  5655 | D:8      | Acquired 778 gold pieces
  6015 | D:9      | Found a staircase to the Orcish Mines.
  6027 | D:9      | Reached skill level 15 in Axes
  6099 | D:9      | Noticed a purple ugly thing
  6105 | D:9      | Killed a purple ugly thing
  6106 | D:9      | Reached XP level 10. HP: 88/88 MP: 9/9
  6411 | D:10     | Entered Level 10 of the Dungeon
  6467 | D:10     | Found an opulent altar of Gozag.
  6467 | D:10     | Found a shimmering altar of Xom.
  6467 | D:10     | Noticed Erica
  6474 | D:10     | Killed Erica
  6485 | D:10     | Found a broken altar of Ashenzari.
  6487 | D:10     | Found a bloodstained altar of Trog.
  6489 | D:10     | Found a shadowy altar of Dithmenos.
  6525 | D:10     | Noticed Josephine
  6530 | D:10     | Killed Josephine
  6531 | D:10     | Reached skill level 16 in Axes
  6662 | D:10     | Found Natuyl's Jewellery Emporium.
  6673 | D:10     | Bought a +4 ring of protection for 540 gold pieces
  6785 | D:10     | Reached skill level 10 in Fighting
  6862 | D:10     | Reached skill level 17 in Axes
  6862 | D:10     | Reached XP level 11. HP: 99/99 MP: 10/10
  6910 | D:10     | Found a runed translucent gate.
  6910 | D:10     | Found a runed translucent gate.
  6910 | D:10     | Found a runed translucent gate.
  6911 | D:10     | Noticed waddelsworth's ghost (journeyman GrCj)
  6953 | D:10     | Noticed Maggie
  6962 | D:10     | Killed Maggie
  7374 | D:11     | Found a staircase to the Lair.
  7443 | D:10     | Acquired the +3 pair of seven-league boots {Rampage+∞}
  7443 | D:10     | Found the +3 pair of seven-league boots {Rampage+∞}
  7555 | D:11     | Noticed a boulder beetle
  7567 | D:11     | Killed a boulder beetle
  7567 | D:11     | Reached ***** piety under Trog
  7867 | D:11     | Noticed Harold
  7881 | D:11     | Killed Harold
  7882 | D:11     | Reached skill level 18 in Axes
  7882 | D:11     | You fall into a shaft and drop 2 floors!
  7932 | D:13     | Noticed a deep elf pyromancer
  7943 | D:13     | Killed a deep elf pyromancer
  7990 | D:13     | Found a gate to the Vaults.
  7990 | D:13     | Noticed a yaktaur captain
  7996 | D:13     | Killed a yaktaur captain
  8086 | D:13     | Noticed a two-headed ogre
  8090 | D:13     | Killed a two-headed ogre
  8188 | D:13     | Noticed a white ugly thing
  8204 | D:13     | Killed a white ugly thing
  8205 | D:13     | Reached XP level 12. HP: 41/112 MP: 11/11
  8274 | D:12     | Noticed a seven-headed hydra
  8281 | D:12     | Killed a 14-headed hydra
  8282 | D:12     | Reached skill level 19 in Axes
  8464 | D:12     | Found a frozen archway.
  8630 | D:12     | Noticed Sonja
  8633 | D:12     | Killed Sonja
  8695 | D:12     | Noticed a boulder beetle
  8707 | D:12     | Killed a boulder beetle
  9034 | Lair:1   | Entered Level 1 of the Lair of Beasts
  9040 | Lair:1   | Received a gift from Trog
  9074 | Lair:1   | Reached skill level 20 in Axes
  9233 | Lair:1   | Found a transporter.
  9332 | Lair:1   | Found a transporter.
  9956 | Lair:2   | Found a staircase to the Snake Pit.
 10003 | Lair:2   | Noticed a five-headed hydra
 10007 | Lair:2   | Killed an eight-headed hydra
 10266 | Lair:2   | Reached XP level 13. HP: 121/122 MP: 4/12
 10876 | Lair:3   | Reached skill level 21 in Axes
 10987 | Lair:3   | Found a runed translucent gate.
 10987 | Lair:3   | Found a runed translucent gate.
 10988 | Lair:3   | Found a runed translucent gate.
 11134 | Lair:3   | HP: 2/186 [nine-headed hydra (8)]
 11135 | Lair:3   | Slain by a ten-headed hydra

Illustrated notes

Levels and vault maps discovered:
D:1:      enne_arrival_octagon_isle, layout_basic,
          chequers_ecumenical_altar_simple, serial_shops, nicolae_diamond_shop
D:2:      layout_loops_ring, uniq_terence
D:3:      layout_rooms
D:4:      layout_loops_corners, grunt_temple_overflow_forces_of_nature,
          minmay_temple_entry_wispy
D:5:      layout_loops_ring, good_gods_mini_temple
D:6:      layout_basic, serial_bayou_pond_c, minmay_checkerbox
D:7:      layout_layer_cave, gammafunk_ghost_gnarly_gnolls
D:8:      layout_cave_pools, serial_shops, nicolae_diamond_shop, uniq_grum
D:9:      layout_rooms, minmay_orc_entry_guard_dogs, hangedman_weighted_door,
          minivault_11, minivault_14, nrook_pool_corridor
D:10:     layout_basic, chequers_temple_overflow_minitemple,
          ebering_ghost_rock_garden, serial_shops, nicolae_square_shop,
          uniq_erica, uniq_maggie, uniq_josephine
D:11:     layout_basic, erik_lair_island, serial_aquarium,
          aquarium_bridge_straight [aquarium_subvault_bridge,
          aquarium_subvault_balcony, aquarium_subvault_bridge,
          aquarium_subvault_window], aquarium_bridge_square
          [aquarium_subvault_window, aquarium_subvault_bridge,
          aquarium_subvault_balcony, aquarium_subvault_bridge],
          aquarium_window_1, aquarium_window_2, aquarium_window_corridor_1,
          aquarium_view_2f, aquarium_view_2g, aquarium_pool_2, uniq_harold
D:12:     layout_roguey, portal_ice_cave_entry_ice_simulacra,
          kennysheep_small_square, uniq_sonja
D:13:     layout_roguey, david_vaults_2
Lair:1:   gammafunk_cloud_chamber, layout_loops_ring,
          chequers_serial_rivers_large_a, grunt_megastairs_2
Lair:2:   layout_regular_city, dummy_snake_entry, serial_bayou_pond_c,
          infiniplex_staircase_pool, grunt_megastairs_4, serial_bayou_shore_b,
          lemuel_fruit_fields
Lair:3:   layout_loops_ring, palyth_hydra_swamp_entry,
          maelrawn_ghost_gauntlet_escape, grunt_forest_small_clearings,
          beast_lair_carwin_10, serial_bayou_shore_a

Skill      XL: |  1  2  3  4  5  6  7  8  9 10 11 12 13 |
---------------+----------------------------------------+-----
Axes           | 4 5 7 8 9 11 13 15 17 18 20 21 | 21.1
Fighting       | 5 7 10 12 13 14 | 14.1
Armour         | |  2.4
Dodging        | |  2.1

Action                   |  1- 3 |  4- 6 |  7- 9 | 10-12 | 13-15 || total
-------------------------+-------+-------+-------+-------+-------++-------
Melee: Hand axe          |    75 |    71 |       |       |       ||   146
       Headbutt          |    11 |    17 |    28 |    79 |    11 ||   146
       War axe           |       |    34 |   137 |   240 |       ||   411
       Executioner's axe |       |       |       |    68 |    80 ||   148
Invok: Berserk           |     1 |     2 |     5 |    19 |     1 ||    28
       Trog's Hand       |       |       |       |     1 |       ||     1
       Brothers in Arms  |       |       |       |     1 |       ||     1
  Use: Scroll            |       |     8 |     8 |    12 |     2 ||    30
       Potion            |       |       |       |     1 |       ||     1
 Stab: Distracted        |       |       |     1 |     3 |       ||     4
Armor: Ring mail         |    19 |       |       |       |       ||    19
       Acid dragon scale |     4 |    41 |    42 |   156 |    44 ||   287
       Scale mail        |     1 |       |       |       |       ||     1
Dodge: Dodged            |    44 |    58 |    81 |   149 |    57 ||   389
